 Dungeon Crawl Stone Soup version 0.18.1-48-g4cf74bf (webtiles) character file.

2924 Peloso the Blocker (level 9, -9/79 HPs)
             Began as a Minotaur Fighter on Aug 23, 2016.
             Was a Believer of Okawaru.
             Mangled by an orc warrior
             ... wielding a +0 glaive
              (20 damage)
             ... on level 8 of the Dungeon.
             The game lasted 00:11:25 (4670 turns).

Peloso the Blocker (Minotaur Fighter)               Turns: 4670, Time: 00:11:26

Health: -9/79      AC: 15    Str: 22    XL:     9   Next: 50%
Magic:  8/8        EV:  9    Int:  9    God:    Okawaru [**....]
Gold:   366        SH: 11    Dex: 12    Spells: 0 memorised, 8 levels left

rFire  . . .     SeeInvis .     J - +2 long sword (slice)
rCold  . . .     Gourm    .     E - +0 chain mail
rNeg   . . .     Faith    .     c - +0 shield
rPois  .         Spirit   .     (helmet restricted)
rElec  .         Dismiss  .     t - +0 cloak
rCorr  .         Reflect  .     L - +2 pair of gloves
SustAt .         Harm     .     (no boots)
MR     .....                    A - amulet of regeneration
Stlth  ..........               r - +4 ring of intelligence
                                y - ring of flight

@: not resistant to hostile enchantments, extremely unstealthy
A: retaliatory headbutt, horns 2
a: Heroism, Renounce Religion, Evoke Flight


You were on level 8 of the Dungeon.
You worshipped Okawaru.
Okawaru was pleased with you.
You were not hungry.

You visited 1 branch of the dungeon, and saw 8 of its levels.

You collected 366 gold pieces.

Inventory:

Hand Weapons
 a - a +0 long sword
 C - a +0 antimagic war axe
 J - a +2 long sword of slicing (weapon)
Armour
 c - a +0 shield (worn)
 g - a +1 pair of gloves
 t - a +0 cloak (worn)
 E - a +0 chain mail (worn)
 L - a +2 pair of gloves (worn)
Jewellery
 r - a +4 ring of intelligence (right hand)
 s - an uncursed ring of wizardry
 y - a ring of flight (left hand)
 A - an amulet of regeneration (around neck)
Wands
 w - a wand of confusion (24/48)
 K - a wand of digging (11/24)
Scrolls
 b - a scroll of fog {unknown}
 e - 2 scrolls of remove curse
 i - a scroll of enchant armour
 n - 3 scrolls of identify
 p - 2 scrolls of magic mapping {unknown}
 v - 5 scrolls of teleportation {unknown}
 D - 2 scrolls of enchant weapon {unknown}
 F - a scroll of amnesia {unknown}
 H - a scroll of immolation {unknown}
Potions
 d - a potion of might
 k - a potion of flight
 m - a potion of cure mutation {unknown}
 o - a potion of brilliance {unknown}
 u - a potion of berserk rage {unknown}
 x - a potion of invisibility {unknown}
 z - 2 potions of curing
 G - a potion of heal wounds {unknown}
Books
 B - a book of Death

   Spells                             Type                      Level
   a - Corpse Rot                     Necromancy                   2
   b - Sublimation of Blood           Necromancy                   2
   c - Agony                          Necromancy                   5
   d - Dispel Undead                  Necromancy                   5
   e - Excruciating Wounds            Charms/Necromancy            5
   f - Bolt of Draining               Conjuration/Necromancy       5
Comestibles
 f - 4 bread rations
 h - a beef jerky
 j - 9 fruits
 l - a meat ration
 q - a slice of pizza
 I - a chunk of flesh


   Skills:
 + Level 7.3 Fighting
 + Level 6.8 Long Blades
 + Level 7.5 Armour
 + Level 6.5 Dodging
 + Level 1.3 Stealth
 + Level 9.0 Shields


You had 8 spell levels left.
You didn't know any spells.

Dungeon Overview and Level Annotations

Branches:
Dungeon (8/15)             Temple (0/1) D:7
   Lair: D:8-11

Altars:
Ashenzari
Fedhas
Okawaru
Ru
Sif Muna
Xom
The Shining One


Innate Abilities, Weirdness & Mutations

You reflexively headbutt those who attack you in melee.
You have a pair of horns on your head.


Message History

The orc warrior shouts!
The orc warrior moves out of view.
The orc priest casts a cantrip, but nothing happens.
The orc hits you from afar with a trident.
The orc hits you from afar with a trident!
The orc priest calls down the wrath of Beogh upon you.
Beogh smites you! The orc warrior hits you with a glaive!
The orc hits you from afar with a trident.
The orc priest mumbles some strange prayers to Beogh against you.
Beogh smites you!
You closely miss the orc warrior. Your headbutt misses the orc warrior.
You block the orc's attack.
The orc warrior hits you with a glaive!!
* * * LOW HITPOINT WARNING * * *
You hit the orc warrior. Your headbutt misses the orc warrior.
The orc warrior is lightly wounded.
You block the orc's attack.
The orc warrior hits you with a glaive!!
You die...

#......#
#.......
#......#
.......
#......#
#......#
#......## # .
#####...# .#..
#.#.## .....
#.#..###o.....
#.....@oo..:..
####..##o..[..
....[# .....
........ ....
.......#.# ...
.........# ##
####....##
#...


You could see an orc warrior, an orc priest and 2 orcs.

Vanquished Creatures
  The ghost of Iskender the Covert, a novice OpWn of Okawaru (D:7)
  The ghost of Gargoyl the Skirmisher, an amateur DsAK of Lugonu (D:4)
  Grinder (D:4)
  A hippogriff (D:7)
  An orc warrior (D:7)
  A phantom (D:5)
  An ice beast (D:7)
  A wasp (D:6)
  2 sky beasts
  A black bear (D:6)
  An ogre (D:7)
  A centaur (D:7)
  3 giant frogs
  6 scorpions
  3 howler monkeys
  2 giant frog zombies
  A jelly (D:5)
  3 orc wizards
  An orc priest (D:7)
  A giant frog skeleton (D:5)
  An iguana (D:7)
  Terence (D:3)
  6 worker ants
  A howler monkey zombie (D:7)
  Robin (D:3)
  2 worker ant zombies (D:6)
  A gnoll (D:1)
  5 adders
  2 shadow imps (D:5)
  An adder skeleton (D:7)
  An adder zombie (D:8)
  4 worms
  3 dart slugs (D:1)
  6 giant geckos
  13 orcs
  A ball python (D:5)
  2 giant cockroaches
  16 goblins
  10 hobgoblins
  6 jackals
  7 kobolds
  A quokka (D:7)
  10 bats
  4 giant newts
  2 quokka skeletons
  8 rats
148 creatures vanquished.

Notes
Turn   | Place    | Note
--------------------------------------------------------------
     0 | D:1      | Peloso the Minotaur Fighter began the quest for the Orb.
     0 | D:1      | Reached XP level 1. HP: 19/19 MP: 0/0
   188 | D:1      | Reached XP level 2. HP: 27/27 MP: 1/1
   462 | D:1      | Reached XP level 3. HP: 33/33 MP: 2/2
   716 | D:2      | Reached skill level 4 in Shields
  1396 | D:2      | Reached XP level 4. HP: 34/41 MP: 3/3
  1429 | D:2      | Reached skill level 1 in Dodging
  1508 | D:3      | Noticed Robin
  1527 | D:3      | Killed Robin
  1544 | D:3      | Found a shimmering altar of Xom.
  1573 | D:3      | Found a deep blue altar of Sif Muna.
  1815 | D:3      | Noticed Terence
  1822 | D:3      | Killed Terence
  1861 | D:3      | Reached XP level 5. HP: 40/47 MP: 4/4
  2033 | D:3      | Reached skill level 5 in Shields
  2189 | D:4      | Noticed Grinder
  2203 | D:4      | Killed Grinder
  2203 | D:4      | Reached skill level 5 in Fighting
  2203 | D:4      | Reached XP level 6. HP: 46/56 MP: 5/5
  2204 | D:4      | Noticed Gargoyl's ghost (amateur DsAK)
  2350 | D:4      | Killed Gargoyl's ghost
  2350 | D:4      | Reached skill level 5 in Armour
  2350 | D:4      | Reached skill level 6 in Shields
  2350 | D:4      | Reached XP level 7. HP: 27/61 MP: 6/6
  2978 | D:5      | Entered Level 5 of the Dungeon
  3037 | D:5      | Reached skill level 5 in Long Blades
  3080 | D:5      | Found an iron altar of Okawaru.
  3090 | D:5      | Became a worshipper of Warmaster Okawaru
  3198 | D:5      | Reached XP level 8. HP: 59/70 MP: 7/7
  3599 | D:6      | Reached skill level 1 in Stealth
  3599 | D:6      | Reached skill level 7 in Shields
  3618 | D:6      | Found a blossoming altar of Fedhas.
  3719 | D:6      | Reached * piety under Okawaru
  3835 | D:6      | Reached skill level 5 in Dodging
  4142 | D:7      | Noticed Iskender's ghost (novice OpWn)
  4174 | D:7      | Killed Iskender's ghost
  4174 | D:7      | Reached skill level 8 in Shields
  4174 | D:7      | Reached XP level 9. HP: 75/78 MP: 5/8
  4218 | D:7      | Found a staircase to the Ecumenical Temple.
  4235 | D:7      | Reached ** piety under Okawaru
  4595 | D:8      | Found a glowing golden altar of the Shining One.
  4595 | D:8      | Found a sacrificial altar of Ru.
  4596 | D:8      | Found a shattered altar of Ashenzari.
  4656 | D:8      | Reached skill level 9 in Shields
  4670 | D:8      | Mangled by an orc warrior

Skill      XL: |  1  2  3  4  5  6  7  8  9 |
---------------+----------------------------+-----
Fighting       | 4 5 6 7 |  7.3
Armour         | 4 5 6 7 |  7.5
Shields        | 4 5 6 8 9 |  9.0
Dodging        | 1 2 3 4 6 |  6.5
Long Blades    | 3 4 5 6 |  6.8
Stealth        | 1 |  1.3

Action                   |  1- 3 |  4- 6 |  7- 9 || total
-------------------------+-------+-------+-------++-------
Melee: Long sword        |   103 |   140 |   273 ||   516
       Headbutt          |    14 |    32 |    56 ||   102
Invok: Heroism           |       |       |     1 ||     1
  Use: Scroll            |     7 |       |       ||     7
       Potion            |       |       |     1 ||     1
 Stab: Distracted        |       |     1 |       ||     1
  Eat: Chunk             |     1 |     4 |     8 ||    13
Armor: Scale mail        |    56 |    56 |    51 ||   163
       Chain mail        |       |       |    73 ||    73
Dodge: Dodged            |    35 |    49 |    93 ||   177
Block: Shield            |    66 |    79 |   165 ||   310
